 Dungeon Crawl Stone Soup version 0.29.1-12-g30fa7ad0bf (webtiles) character file.

Game seed: 7250919980675856559

56 DildoBatman the Conjurer (level 4, -1/31 (32) HPs)
             Began as a Formicid Conjurer on Jan 18, 2023.
             Slain by a tentacled starspawn (8 damage)
             ... on level 1 of the Abyss.
             The game lasted 00:03:13 (1355 turns).

DildoBatman the Conjurer (Formicid Conjurer)        Turns: 1355, Time: 00:03:13

HP:   -1/31 (32)    AC:  2    Str: 12    XL:     4   Next: 15%
MP:   8/8           EV: 12    Int: 19    God:
Gold: 78            SH:  0    Dex: 12    Spells: 5/8 levels left

rFire   . . .      SeeInvis +   d - +0 dagger
rCold   . . .      Faith    .   (no shield)
rNeg    . . .      Spirit   .   a - +0 robe
rPois   .          Reflect  .   (helmet unavailable)
rElec   .          Harm     .   (no cloak)
rCorr   .          Rampage  .   (no gloves)
Will    +....                   (no boots)
Stlth   ++........              g - amulet of the acrobat
HPRegen 0.10/turn               j - ring of willpower
MPRegen 0.11/turn               (no ring)

@: lightly drained
A: permanent stasis, dig shafts and tunnels, antennae 3, four strong arms
a: Dig, Shaft Self


You were on level 1 of the Abyss.
You visited 1 branch of the dungeon, and saw 3 of its levels.
You visited the Abyss 1 time.

You collected 78 gold pieces.

Inventory:

Hand Weapons
 d - a +0 dagger (weapon)
 e - a +0 short sword
Missiles
 i - 5 stones
Armour
 a - a +0 robe (worn)
Jewellery
 g - an amulet of the acrobat (around neck)
 j - a ring of willpower (left hand)
Scrolls
 c - a scroll of blinking {unknown}
 h - 2 scrolls of enchant armour {unknown}
Potions
 b - a potion of magic
 f - 2 potions of lignification {unknown}


   Skills:
 * Level 1.5 Fighting
 * Level 1.6 Armour
 - Level 2.0 Dodging
 - Level 2.4 Stealth
 * Level 2.7 Spellcasting
 * Level 3.9 Conjurations


You had 5 spell levels left.
You knew the following spells:

 Your Spells              Type           Power      Damage    Failure   Level
a - Searing Ray           Conj           34%        2d5       4%          2
c - Magic Dart            Conj           68%        1d6       3%          1

Your spell library contained the following spells:

 Spells                   Type           Power      Damage    Failure   Level
 Dazzling Flash           Conj/Hex       20%        N/A       21%         3
 Fulminant Prism          Conj/Hex       5%         3d7       56%         4
 Iskenderun's Mystic Bla  Conj/Tloc      10%        2d4       56%         4


Dungeon Overview and Level Annotations

Branches:
Dungeon (2/15)

Altars:
Kikubaaqudgha

Annotations:
D:3 Wammu's ghost, weakling MiWn


Innate Abilities, Weirdness & Mutations

You cannot be hasted, slowed, berserked, paralysed or teleported.
You can dig through walls and to a lower floor.
You have a pair of large antennae on your head. (SInv)
Your four strong arms can wield two-handed weapons with a shield.


Message History

t - Shout!
Orders for allies: a - Attack new target. r - Retreat! s - Stop attacking. g - Guard the area. f - Follow me.
Anything else - Cancel.
You shout for attention!
The starspawn tentacle grabs you. The starspawn tentacle constricts you.
You escape the starspawn tentacle's grasp.
What are your orders? t - Shout!
Orders for allies: a - Attack new target. r - Retreat! s - Stop attacking. g - Guard the area. f - Follow me.
Anything else - Cancel.
You shout for attention!
The starspawn tentacle completely misses you.
What are your orders? t - Shout!
Orders for allies: a - Attack new target. r - Retreat! s - Stop attacking. g - Guard the area. f - Follow me.
Anything else - Cancel.
You shout for attention!
The starspawn tentacle closely misses you.
The tentacled starspawn attacks as you move away!
The tentacled starspawn misses you.
The tentacled starspawn completely misses you.
The tentacled starspawn attacks as you move away!
The tentacled starspawn completely misses you. x2
What are your orders? t - Shout!
Orders for allies: a - Attack new target. r - Retreat! s - Stop attacking. g - Guard the area. f - Follow me.
Anything else - Cancel.
You shout for attention!
The tentacled starspawn closely misses you.
The tentacled starspawn tentacle-slaps you!
You die...

. #.. #
###.....#...#
..#..
..##......#....#
. .
.......#.#......#
.##...#w....#...#
.#.#│.......#.
#.#..│.....#...
#...\...#.§.#
#....#..X....#
.#.###..@....# #.
#.....#..# ..#
..........##
.##...........#
#.#.#.......#
##.##......## ##
......## .#......


You could see a tentacled starspawn and a starspawn tentacle.

Vanquished Creatures
  A gnoll (D:2)
  3 bats (D:1)
  An endoplasm (D:2)
  A giant cockroach (D:1)
  7 goblins (D:1)
  4 hobgoblins (D:1)
  8 jackals
  2 kobolds (D:1)
  5 quokkas (D:1)
  2 ball pythons (D:1)
  3 frilled lizards
  A rat (D:1)
38 creatures vanquished.

Vanquished Creatures (others)
  2 starspawn tentacles (Abyss:1)
  2 withered plants (D:1)
4 creatures vanquished.

Grand Total: 42 creatures vanquished

Notes
Turn   | Place    | Note
-------+----------+-------------------------------------------
     0 | D:1      | DildoBatman the Formicid Conjurer began the quest for the
                  | Orb.
     0 | D:1      | Reached XP level 1. HP: 13/13 MP: 3/3
   350 | D:1      | Reached XP level 2. HP: 20/20 MP: 1/5
   357 | D:1      | Learned a level 2 spell: Searing Ray
   699 | D:1      | Reached skill level 1 in Fighting
   699 | D:1      | Reached skill level 1 in Armour
   706 | D:1      | Reached XP level 3. HP: 23/26 MP: 1/6
   753 | D:1      | Found a faded altar of an unknown god.
  1286 | D:2      | Reached XP level 4. HP: 29/32 MP: 2/8
  1288 | D:2      | You fall into a shaft and drop 1 floor!
  1288 | D:3      | Found an ancient bone altar of Kikubaaqudgha.
  1303 | D:3      | Found a runed translucent gate.
  1303 | D:3      | Found a runed translucent gate.
  1303 | D:3      | Found a runed translucent gate.
  1304 | D:3      | Noticed a kobold brigand
  1304 | D:3      | Noticed Wammu's ghost (weakling MiWn)
  1313 | Abyss:1  | Found a corrupted altar of Lugonu.
  1313 | Abyss:1  | Cast into level 1 of the Abyss (kobold)
  1331 | Abyss:1  | Noticed a tentacled starspawn
  1355 | Abyss:1  | Slain by a tentacled starspawn

Illustrated notes

Levels and vault maps discovered:
D:1:      minmay_arrival_widening_spiral_narrow, layout_basic,
          ebering_ecumenical_altar_petrified, skrybe_limestone_x
D:2:      layout_loops_corners, uniq_jessica
D:3:      layout_rooms, mainiacjoe_overflow_concentric_impassable,
          mainiacjoe_overflow_alcove_1, gammafunk_ghost_nasty_kobolds,
          kennysheep_cross_bottleneck
Abyss:1:  base:
Temple

Skill      XL: |  1  2 |
---------------+-------+-----
Dodging        | 2 |  2.0
Fighting       | 1 |  1.5
Armour         | 1 |  1.6
Stealth        | |  2.4
Spellcasting   | |  2.7
Conjurations   | |  3.9

Action                   |  1- 3 |  4- 6 || total
-------------------------+-------+-------++-------
Melee: Dagger            |    45 |       ||    45
 Cast: Magic Dart        |    34 |       ||    34
       Searing Ray       |     8 |       ||     8
 Abil: Shaft Self        |       |     1 ||     1
 Stab: Sleeping          |     2 |       ||     2
Armor: Robe              |    16 |     1 ||    17
Dodge: Dodged            |    49 |    24 ||    73
